 Dungeon Crawl Stone Soup version 0.31-a0-4-gefa6de2278 (webtiles) character file.

Game seed: 5254690478515337067

27 qeuew the Trooper (level 2, -8/24 HPs)
             Began as a Demonspawn Chaos Knight on May 3, 2023.
             Was a Plaything of Xom.
             Mangled by a goblin
             ... wielding a +0 dagger of electrocution
             ... led by Robin
              (14 damage)
             ... on level 2 of the Dungeon.
             The game lasted 00:00:55 (786 turns).

qeuew the Trooper (Demonspawn Chaos Knight)          Turns: 786, Time: 00:00:56

Health: -8/24      AC:  5    Str: 12    XL:     2   Next: 93%
Magic:  2/2        EV: 11    Int: 13    God:    Xom [....*.]
Gold:   74         SH:  0    Dex: 12    Spells: 1/1 levels left

rFire   . . .        a - +0 mace (chaos)
rCold   . . .        (no shield)
rNeg    . . .        b - +2 leather armour
rPois   .            (helmet restricted)
rElec   .            (no cloak)
rCorr   .            (no gloves)
SInv    .            (no boots)
Will    .....        (no amulet)
Stlth   +            (no ring)
HPRegen 0.24/turn    (no ring)
MPRegen 0.08/turn

%: no passive effects
@: no status effects
A: horns 1
a: Renounce Religion


You were on level 2 of the Dungeon.
You worshipped Xom.
You were a beloved toy of Xom.
You visited 1 branch of the dungeon, and saw 2 of its levels.

You collected 74 gold pieces.

Inventory:

Hand Weapons
 a - a +0 mace of chaos (weapon)
Armour
 b - a +2 leather armour (worn)
Miscellaneous
 c - a piece from Xom's chessboard (15/15) (quivered)


   Skills:
 + Level 3.2 Fighting
 * Level 3.1 Maces & Flails
 + Level 2.1 Armour
 + Level 1.2 Dodging
 + Level 0.8 Evocations


You had one spell level left.
You didn't know any spells.
Your spell library was empty.

Dungeon Overview and Level Annotations

Branches:
Dungeon (2/15)

Altars:

Annotations:
D:2 Robin


Innate Abilities, Weirdness & Mutations

You have a pair of small horns on your head.


Message History

Robin throws the goblin at you! The goblin hits you with a +0 club.
A goblin comes into view. It is wielding a +0 club.
The goblin hits you but does no damage.
Robin's horned helmet rattles.
The goblin hits you but does no damage. The goblin hits you with a +0 club.
You closely miss the goblin.
The goblin shouts!
Your headbutt misses the goblin.
Xom smirks.
You feel aware of your surroundings.
A goblin comes into view. It is wielding a +0 dagger.
The goblin barely misses you. The goblin hits you with a +0 club.
The goblin shouts!
You hit the goblin.
The goblin seems to slow down.
You headbutt the goblin.
You kill the goblin!
The goblin hits you with a +0 club.
You barely miss the goblin.
The goblin hits you but does no damage. x2
You are electrocuted!
* * * LOW HITPOINT WARNING * * *
You are too injured to fight recklessly!
You are too injured to fight recklessly!
You are too injured to fight recklessly!
You are too injured to fight recklessly!
You are too injured to fight recklessly!
You are too injured to fight recklessly!
You are too injured to fight recklessly!
Unknown command.
You are too injured to fight recklessly!
Unknown command.
The goblin attacks as you move away! The goblin closely misses you.
The goblin attacks as you move away! The goblin barely misses you.
The goblin attacks as you move away!
The goblin hits you with a +0 dagger of electrocution.
* * * LOW HITPOINT WARNING * * *
The goblin attacks as you move away!
The goblin hits you with a +0 dagger of electrocution.
* * * LOW HITPOINT WARNING * * *
You are electrocuted!
Ouch! That really hurt!
You die...

****, ,,, ,**,,
.##*,..,,,,***,, *
*
,,,,,,,,,,,g.,#g##*
*** ,, * ,, ,**
***##g#.....** *,
*,,,, * #gg.g.g..,*
,, ******
#g#*,*,,,, *, *
#.#*,*, ,, * *** *
#g#* *,,,, ,,*
#####g## * ,, ,,,,*
#....@.# ,,,,,,, *
** #......# ****,
,,,* *, #......#
*,,,,,* *, #......#
*,,,,,* *,
#......######..,,,*
*,
#......<.......,,,*
*
#####.#########****
*, #.# *,,,,,,,,
#.# *,***** ,


You could see 7 goblins.

Vanquished Creatures
  A ball python (D:1)
  2 endoplasms (D:1)
  3 giant cockroaches (D:1)
  4 goblins
  4 hobgoblins
  A kobold (D:1)
  2 quokkas (D:1)
  3 bats
  A frilled lizard (D:1)
  2 rats (D:1)
23 creatures vanquished.

Notes
Turn   | Place    | Note
-------+----------+-------------------------------------------
     0 | D:1      | qeuew the Demonspawn Chaos Knight began the quest for the
                  | Orb.
     0 | D:1      | Reached XP level 1. HP: 18/18 MP: 1/1
    30 | D:1      | XOM: silly message
    35 | D:1      | Reached skill level 1 in Dodging
   113 | D:1      | Gained mutation: You have a pair of small horns on your
                  | head. [demonic ancestry]
   113 | D:1      | Reached XP level 2. HP: 24/24 MP: 2/2
   211 | D:1      | XOM: silly message
   775 | D:2      | Noticed Robin
   779 | D:2      | XOM: divination: magic mapping
   786 | D:2      | Mangled by a goblin

Illustrated notes

Levels and vault maps discovered:
D:1:      zaba_arrival_water, layout_loops_ring
D:2:      layout_basic, uniq_robin

Skill      XL: |  1  2 |
---------------+-------+-----
Dodging        | 1 |  1.2
Armour         | 2 |  2.1
Maces & Flails | 3 |  3.1
Fighting       | |  3.2
Evocations     | |  0.8

Action                     || total
---------------------------++-------
  Melee: Mace              ||    55
         Headbutt          ||     5
    Use: Potion            ||     2
         Scroll            ||     1
 Armour: Leather armour    ||    26
  Dodge: Dodged            ||    37

Table legend: (Time is in decaauts)
 A = Elapsed time spent in this place.
 B = Non-inter-level travel time spent in this place.
 C = Inter-level travel time spent in this place.
 D = Time resting spent in this place.
 E = Time spent auto-exploring this place.
 F = Levels seen in this place.
 G = Mean time per level.
                   A        B        C        D        E       F      G
               +--------+--------+--------+--------+--------+-----+--------+
         Total |    806 |    778 |     28 |      0 |    633 |   2 |  403.0 |
       Dungeon |    806 |    778 |     28 |      0 |    633 |   2 |  403.0 |
               +--------+--------+--------+--------+--------+-----+--------+

Top non-repeatable levels by time:
     D:1: 783 daAuts
     D:2: 23 daAuts
